 Dungeon Sprint DCSS version 0.29.1-14-g9c671dbff4 (webtiles) character file.

Game seed: 15506200490557329037

2881 Groucho the Unseen (level 9, -10/49 HPs)
             Began as a Felid Fighter on Feb 18, 2023.
             Was the Champion of Wu Jian.
             Mangled by a freezing wraith (13 damage)
             ... in the Dungeon (Sprint VII: "The Pits").
             The game lasted 00:06:04 (3026 turns).

Groucho the Unseen (Felid Fighter)                  Turns: 3026, Time: 00:06:05

Health: -10/49     AC:  4    Str: 16    XL:     9   Next: 48%
Magic:  10/10      EV: 31    Int: 10    God:    Wu Jian [******]
Gold:   0          SH:  0    Dex: 21    Spells: 8/8 levels left
                                        Lives:  0   Deaths: 2

rFire   . . .      SeeInvis +     - Unarmed
rCold   . . .      Faith    .   (shield unavailable)
rNeg    . . .      Spirit   .   (body armour unavailable)
rPois   .          Reflect  .   (helmet unavailable)
rElec   .          Harm     .   (cloak unavailable)
rCorr   .          Rampage  .   (gloves unavailable)
Will    ++...      NoTele   +   (boots unavailable)
Stlth   +++++++...              (no amulet)
HPRegen 0.16/turn               g - +3 ring of dexterity
MPRegen 0.12/turn               k - +3 ring of dexterity

@: quick
A: very small, claws 1, fangs 3, see invisible, speed 1, shaggy fur 2, stealthy
paws, no weapons or thrown items, no armour, multi-lived, iridescent scales 1,
strong-willed 1
a: Renounce Religion, Wall Jump, Serpent's Lash, Heavenly Storm


You were in the Dungeon.
You worshipped Wu Jian.
Wu Jian was exalted by your worship.
You visited 1 branch

Inventory:

Jewellery
 g - a +3 ring of dexterity (left paw)
 k - a +3 ring of dexterity (right paw)
Scrolls
 i - 5 scrolls of amnesia
 j - a scroll of summoning
Potions
 a - a potion of might
 b - a potion of curing
 c - 5 potions of heal wounds
 d - 2 potions of haste
 e - 4 potions of magic
 f - a potion of berserk rage
 l - 2 potions of brilliance
 m - a potion of mutation


   Skills:
 + Level 11.9 Fighting
 + Level 15.2 Dodging
 + Level 15.9 Stealth
 + Level 12.2 Unarmed Combat


You had 8 spell levels left.
You didn't know any spells.
Your spell library was empty.

Dungeon Overview and Level Annotations

Branches:
Dungeon (1/1)

Altars:
Ashenzari
Cheibriados
Dithmenos
Elyvilon
Fedhas
Gozag
Hepliaklqana
Kikubaaqudgha
Makhleb
Nemelex Xobeh
Okawaru
Qazlal
Ru
Sif Muna
Trog
Uskayaw
Vehumet
Wu Jian
Xom
Yredelemnul
Zin
The Shining One
Jiyva
Lugonu


Innate Abilities, Weirdness & Mutations

You have sharp claws.
You have razor-sharp teeth.
You have supernaturally acute eyesight. (SInv)
You cover ground quickly. (Speed+)
You are covered in thick fur. (AC +2)
Your paws help you pounce on unaware monsters.
You are incapable of wielding weapons or throwing items.
You cannot wear armour.
You gain extra lives every three experience levels.
You are partially covered in iridescent scales. (AC +2)
You are strong-willed. (Will+)


Message History

You barely miss the white imp. You bite the white imp!
You kill the white imp!
The Council accepts your kill.
A centaur comes into view.
A wight comes into view. It is wielding a +0 morningstar.
You feel less exhausted.
You lunge at the wight.
You pounce on the unaware helpless wight!
You eviscerate the wight!!!!!
You destroy the wight!
The Council accepts your kill.
You lunge at the centaur.
You pounce on the unaware helpless centaur!
You eviscerate the centaur!!!!!
You kill the centaur!
The Council accepts your kill.
Unknown command.
Unknown command.
You open the door.
A freezing wraith and a deep elf zephyrmancer come into view.
Unknown command.
The deep elf zephyrmancer shouts!
There is an open door here.
You miss the deep elf zephyrmancer.
Your bite misses the deep elf zephyrmancer.
The deep elf zephyrmancer mumbles some strange words.
The freezing wraith hits you! The freezing wraith freezes you!
The freezing wraith completely misses you.
Unknown command.
You feel much better.
You closely miss the freezing wraith. The freezing wraith hits you.
The freezing wraith freezes you!
The freezing wraith completely misses you.
You claw the freezing wraith!
You bite the freezing wraith, but do no damage.
The freezing wraith is moderately damaged.
The freezing wraith hits you! The freezing wraith freezes you!!
* * * LOW HITPOINT WARNING * * *
The freezing wraith hits you!
You die...

###.......##...## ##..#
.##...<...###...##+##..##
.##.......# ##..........##
.##.......###..###+###...#
###.......##..##†....##..#
.###########..).......+..+
############).##.....##..#
#....#..[[###..###+###...#
#....#..[[# ##..@We.....##
'....'..))###...##'##..##
#....#..))##)..##...##..#
#....#..))##.)###...###..+
############### ##### ###


You could see a freezing wraith and a deep elf zephyrmancer.

Vanquished Creatures
  A swamp dragon (D)
  A flayed ghost (D)
  An efreet (D)
  A tyrant leech (D)
  4 dream sheep (D)
  A basilisk (D)
  A warg (D)
  A water moccasin (D)
  2 sky beasts (D)
  A swamp drake (D)
  An ogre (D)
  A centaur (D)
  A kobold brigand (D)
  A scorpion (D)
  4 wights (D)
  A mummy (D)
  2 gnolls (D)
  2 river rats (D)
  An adder (D)
  A white imp (D)
  2 worms (D)
  An orc (D)
  A bat (D)
  An endoplasm (D)
  2 hobgoblins (D)
  A ball python skeleton (D)
  A frilled lizard (D)
  A rat (D)
39 creatures vanquished.

Vanquished Creatures (others)
  A hornet (D)
  A dream sheep (D)
2 creatures vanquished.

Grand Total: 41 creatures vanquished

Notes
Turn   | Place    | Note
-------+----------+-------------------------------------------
     0 | D        | Groucho the Felid Fighter began the quest for the Orb.
     0 | D        | Reached XP level 1. HP: 10/10 MP: 2/2
    17 | D        | Reached skill level 1 in Stealth
   359 | D        | Found a bloodstained altar of Trog.
   359 | D        | Found a shimmering blue altar of Sif Muna.
   359 | D        | Found a viscous altar of Jiyva.
   359 | D        | Found a hazy altar of Hepliaklqana.
   359 | D        | Found an opulent altar of Gozag.
   360 | D        | Found a glowing golden altar of the Shining One.
   360 | D        | Found a glowing silver altar of Zin.
   360 | D        | Found a basalt altar of Yredelemnul.
   360 | D        | Found a shimmering altar of Xom.
   360 | D        | Found an ornate altar of the Wu Jian Council.
   360 | D        | Found a sacrificial altar of Ru.
   360 | D        | Found a stormy altar of Qazlal.
   360 | D        | Found an iron altar of Okawaru.
   360 | D        | Found a sparkling altar of Nemelex Xobeh.
   360 | D        | Found a burning altar of Makhleb.
   360 | D        | Found a blossoming altar of Fedhas.
   360 | D        | Found a white marble altar of Elyvilon.
   360 | D        | Found a shadowy altar of Dithmenos.
   360 | D        | Found a snail-covered altar of Cheibriados.
   362 | D        | Found a radiant altar of Vehumet.
   362 | D        | Found a corrupted altar of Lugonu.
   363 | D        | Found a hide-covered altar of Uskayaw.
   363 | D        | Found an ancient bone altar of Kikubaaqudgha.
   363 | D        | Found a broken altar of Ashenzari.
   369 | D        | Became a worshipper of the Wu Jian Council
   397 | D        | Reached XP level 2. HP: 2/15 MP: 3/3
   776 | D        | Reached skill level 5 in Dodging
  1016 | D        | Reached * piety under Wu Jian
  1026 | D        | Noticed an ogre
  1027 | D        | Noticed a scorpion
  1031 | D        | Killed a scorpion
  1032 | D        | Reached skill level 5 in Fighting
  1032 | D        | Reached skill level 5 in Stealth
  1032 | D        | Reached skill level 5 in Unarmed Combat
  1032 | D        | Reached XP level 3. HP: 13/19 MP: 4/4
  1032 | D        | Reached XP level 4. HP: 16/23 MP: 5/5
  1035 | D        | Reached ** piety under Wu Jian
  1037 | D        | Killed an ogre
  1038 | D        | Reached XP level 5. HP: 24/27 MP: 6/6
  1281 | D        | Noticed a water moccasin
  1283 | D        | Noticed a warg
  1284 | D        | Noticed a sky beast
  1285 | D        | Killed a warg
  1286 | D        | Gained mutation: You are covered in thick fur. (AC +2)
                  | [Felid growth]
  1286 | D        | Reached XP level 6. HP: 33/33 MP: 7/7
  1287 | D        | Killed a sky beast
  1288 | D        | Reached skill level 10 in Dodging
  1288 | D        | Reached skill level 10 in Stealth
  1289 | D        | Reached *** piety under Wu Jian
  1296 | D        | Killed a water moccasin
  1297 | D        | Reached XP level 7. HP: 34/37 MP: 8/8
  1454 | D        | Reached **** piety under Wu Jian
  1468 | D        | Reached ***** piety under Wu Jian
  1476 | D        | Noticed a swamp dragon
  1476 | D        | Noticed a hornet
  1498 | D        | Killed a hornet
  2085 | D        | Slain by a swamp dragon
  2086 | D        | Reached XP level 6. HP: -5/34 MP: 7/7
  2090 | D        | Slain by a swamp dragon
  2091 | D        | Reached XP level 5. HP: 0/30 MP: 6/6
  2105 | D        | Killed a swamp dragon
  2106 | D        | Reached skill level 10 in Unarmed Combat
  2106 | D        | Reached XP level 6. HP: 4/36 MP: 7/7
  2106 | D        | Reached XP level 7. HP: 4/39 MP: 8/8
  2570 | D        | Gained mutation: You are strong-willed. (Will+) [potion of
                  | mutation]
  2570 | D        | Gained mutation: You are partially covered in iridescent
                  | scales. (AC +2) [potion of mutation]
  2632 | D        | Noticed a dream sheep
  2632 | D        | Noticed a dream sheep
  2632 | D        | Noticed a dream sheep
  2632 | D        | Noticed a dream sheep
  2632 | D        | Noticed an efreet
  2635 | D        | Noticed a dream sheep
  2647 | D        | Killed a dream sheep
  2650 | D        | Killed a dream sheep
  2651 | D        | Reached skill level 10 in Fighting
  2652 | D        | Killed a dream sheep
  2653 | D        | Reached XP level 8. HP: 43/43 MP: 9/9
  2655 | D        | Killed a dream sheep
  2659 | D        | Killed an efreet
  2660 | D        | Killed a dream sheep
  2677 | D        | Noticed a tyrant leech
  2677 | D        | Noticed a flayed ghost
  2687 | D        | Killed a tyrant leech
  2696 | D        | Reached skill level 15 in Stealth
  2696 | D        | Reached XP level 9. HP: 17/48 MP: 10/10
  2705 | D        | Killed a flayed ghost
  2710 | D        | Reached skill level 15 in Dodging
  3001 | D        | Reached ****** piety under Wu Jian
  3019 | D        | Noticed a freezing wraith
  3019 | D        | Noticed a deep elf zephyrmancer
  3026 | D        | Mangled by a freezing wraith

Illustrated notes

Levels and vault maps discovered:
D:        pitsprint [storerooms_1, entrance_room_1, metal_vault_5, armoury_1,
          mini_pit_1, grid_room_1, main_hall_1, silver_pit, the_coven_1,
          the_vestibule_1, steel_vault_5, golden_pit, hallway_of_sentries,
          crystal_vault_6, iron_vault_4, final_vault]

Skill      XL: |  1  2  3  4  5  6  7  8  9 |
---------------+----------------------------+-----
Stealth        | 2 5 7 12 10 13 15 | 15.9
Fighting       | 5 6 9 8 10 11 | 11.9
Dodging        | 6 8 12 10 13 14 15 | 15.2
Unarmed Combat | 5 6 10 8 9 11 12 | 12.2

Action                   |  1- 3 |  4- 6 |  7- 9 || total
-------------------------+-------+-------+-------++-------
Melee: Unarmed           |    20 |    22 |    72 ||   114
       Bite              |     4 |     2 |    13 ||    19
       Punch             |     1 |     1 |     6 ||     8
Invok: Lunge             |     1 |       |    11 ||    12
       Whirlwind         |       |     1 |     2 ||     3
       Serpent's Lash    |       |     2 |     3 ||     5
       Heavenly Storm    |       |       |     1 ||     1
 Abil: Wall Jump         |       |       |     1 ||     1
  Use: Potion            |       |     1 |    16 ||    17
       Scroll            |       |     1 |       ||     1
 Stab: Sleeping          |     2 |     4 |     7 ||    13
       Invisible         |       |       |     5 ||     5
       Distracted        |       |       |     1 ||     1
Armor: Skin              |     1 |       |     3 ||     4
Dodge: Dodged            |    11 |    19 |    49 ||    79
